 Seeded DCSS version 0.29-a0-520-gc852659d43 (webtiles) character file.

Game seed: 4051998689388717474 (custom seed)

108 hquester1 the Shield-Bearer (level 4, -1/45 HPs)
             Began as a Troll Fighter on May 31, 2022.
             Slain by Terence
             ... wielding a +4 morningstar of protection
              (8 damage)
             ... on level 3 of the Dungeon.
             The game lasted 00:05:55 (2040 turns).

hquester1 the Shield-Bearer (Troll Fighter)         Turns: 2040, Time: 00:05:56

Health: -1/45      AC:  4    Str: 24    XL:     4   Next: 58%
Magic:  3/3        EV:  9    Int:  4    God:
Gold:   119        SH:  8    Dex: 11    Spells: 3/3 levels left

rFire   . . .      SeeInvis .   a - +0 flail
rCold   . . .      Faith    .   c - +0 kite shield
rNeg    . . .      Spirit   .   b - +0 robe
rPois   .          Reflect  .   (helmet restricted)
rElec   .          Harm     .   (no cloak)
rCorr   .          Rampage  .   (gloves unavailable)
Will    .....                   (boots unavailable)
Stlth   +.........              (no amulet)
HPRegen 0.95/turn               (no ring)
MPRegen 0.08/turn               (no ring)

@: no status effects
A: large, unfitting armour, claws 3, regeneration 1, shaggy fur 1, tough skin 1
a: no special abilities


You were on level 3 of the Dungeon.
You visited 1 branch of the dungeon, and saw 3 of its levels.

You collected 119 gold pieces.

Inventory:

Hand Weapons
 a - a +0 flail (weapon)
Armour
 b - a +0 robe (worn)
 c - a +0 kite shield (worn)
Scrolls
 f - 2 scrolls of fog {unknown}
 g - 2 scrolls of teleportation {unknown}
 h - 2 scrolls of identify {unknown}
 i - a scroll of vulnerability {unknown}
 j - a scroll of magic mapping {unknown}
Potions
 d - a potion of might
 k - a potion of cancellation {unknown}
 l - a potion of ambrosia {unknown}
 m - a potion of lignification {unknown}


   Skills:
 * Level 3.1 Fighting
 + Level 2.6 Maces & Flails
 + Level 3.0 Dodging
 + Level 3.3 Shields


You had 3 spell levels left.
You didn't know any spells.
Your spell library contained the following spells:

 Spells                   Type           Power      Damage    Failure   Level
 Beastly Appendage        Tmut           0%         N/A       80%         1
 Wereblood                Tmut           0%         N/A       90%         2
 Spider Form              Tmut/Pois      0%         N/A       99%         3
 Petrify                  Tmut/Erth      0%         N/A       100%        4
 Metabolic Englaciation   Hex/Ice        0%         N/A       100%        5
 Statue Form              Tmut/Erth      0%         N/A       100%        6


Dungeon Overview and Level Annotations

Branches:
Dungeon (3/15)

Altars:
Qazlal
The Shining One

Shops:
D:1 !   D:2 [(:(*

Annotations:
D:3 Terence


Innate Abilities, Weirdness & Mutations

You are too large for most types of armour.
You have claws for hands.
Your natural rate of healing is unusually fast.
You are covered in fur. (AC +1)
You have tough skin. (AC +1)


Message History

* * * LOW HITPOINT WARNING * * *
The goblin hits you with a +0 dagger.
* * * LOW HITPOINT WARNING * * *
Terence barely misses you.
It was a potion of curing.
You feel better. The goblin closely misses you. You block Terence's attack.
Unknown command.
You barely miss the goblin. The goblin hits you with a +0 dagger.
* * * LOW HITPOINT WARNING * * *
You closely miss Terence.
Terence is severely wounded.
The goblin hits you with a +0 dagger.
* * * LOW HITPOINT WARNING * * *
Terence closely misses you.
You hit Terence.
Terence is almost dead.
You block the goblin's attack.
Terence hits you with a +4 morningstar of protection.
* * * LOW HITPOINT WARNING * * *
The goblin hits you with a +0 dagger.
* * * LOW HITPOINT WARNING * * *
You block Terence's attack.
You barely miss Terence.
Terence is almost dead.
You block the goblin's attack.
Terence hits you with a +4 morningstar of protection!
* * * LOW HITPOINT WARNING * * *
Unknown command.
You feel better. The goblin hits you but does no damage.
Terence looks scornfully at you.
Terence hits you with a +4 morningstar of protection!
* * * LOW HITPOINT WARNING * * *
You closely miss Terence.
Terence is almost dead.
The goblin hits you but does no damage. Terence hits you but does no damage.
You barely miss Terence.
Terence is almost dead.
The goblin hits you but does no damage.
Terence hits you with a +4 morningstar of protection!
You die...

#.#'.....# #.######..
###......# #.# #....
##.....# ##'####....
##....# #.....#....
#....####(....#....
##.....##...).#....
#.....##.....#....
#.....##.....#....
#@....##.....#....
#g@...##.....#....
#....$....###'####....
........!..####.#
#####
##..........#...#
##.........#...###
#...............#
#..######.......# ...
#.......#


You could see Terence and a goblin.

Vanquished Creatures
  5 adders
  3 dart slugs
  8 bats
  4 endoplasms
  3 giant cockroaches (D:1)
  8 goblins
  4 hobgoblins
  2 jackals (D:2)
  4 kobolds
  2 quokkas (D:1)
  4 ball pythons
  5 frilled lizards
  2 rats (D:1)
54 creatures vanquished.

Notes
Turn   | Place    | Note
-------+----------+-------------------------------------------
     0 | D:1      | hquester1 the Troll Fighter began the quest for the Orb.
     0 | D:1      | Reached XP level 1. HP: 22/22 MP: 0/0
   141 | D:1      | Reached XP level 2. HP: 29/29 MP: 1/1
   297 | D:1      | Found Ziwunkun's Distillery.
   404 | D:1      | Reached XP level 3. HP: 34/36 MP: 2/2
   598 | D:2      | Found a faded altar of an unknown god.
   679 | D:2      | Found Cyujeikh's Antique Weapon Shop.
   735 | D:2      | Identified the +2 helmet of the Sun {*Corrode +Inv Int+6}
   792 | D:2      | Found Curao's Assorted Antiques.
   894 | D:2      | Found Duaz's Book Shoppe.
  1306 | D:2      | Reached XP level 4. HP: 40/44 MP: 3/3
  1316 | D:2      | Found Ymiruno's Armour Shop.
  1375 | D:2      | Found a glowing golden altar of the Shining One.
  1404 | D:2      | Found Zevoweto's Antique Weapon Boutique.
  2007 | D:3      | Found a stormy altar of Qazlal.
  2019 | D:3      | Noticed Terence
  2040 | D:3      | Slain by Terence

Illustrated notes

Levels and vault maps discovered:
D:1:      dpeg_arrival_round_a, layout_basic, serial_shops, nicolae_shop_crystal
D:2:      layout_loops_corners, serial_shops, nicolae_lakefront_shop,
          nicolae_shop_hallway_stairs, shop, shop, shop,
          ebering_ecumenical_altar_hall, basic_altar, minmay_tripent
D:3:      layout_basic, nicolae_overflow_quartered_altars, minmay_bisected,
          uniq_terence

Skill      XL: |  1  2  3  4 |
---------------+-------------+-----
Maces & Flails | 2 |  2.6
Shields        | 3 |  3.3
Fighting       | 3 |  3.1
Dodging        | 3 |  3.0

Action                   |  1- 3 |  4- 6 || total
-------------------------+-------+-------++-------
Melee: Flail             |   160 |    57 ||   217
  Use: Potion            |       |     2 ||     2
 Stab: Sleeping          |       |     1 ||     1
Armor: Robe              |    66 |    26 ||    92
Dodge: Dodged            |    67 |    28 ||    95
Block: Kite shield       |    74 |    27 ||   101

Table legend: (Time is in decaauts)
 A = Elapsed time spent in this place.
 B = Non-inter-level travel time spent in this place.
 C = Inter-level travel time spent in this place.
 D = Time resting spent in this place.
 E = Time spent auto-exploring this place.
 F = Levels seen in this place.
 G = Mean time per level.
                   A        B        C        D        E       F      G
               +--------+--------+--------+--------+--------+-----+--------+
         Total |   2129 |   2094 |     35 |      0 |   1516 |   3 |  709.7 |
       Dungeon |   2129 |   2094 |     35 |      0 |   1516 |   3 |  709.7 |
               +--------+--------+--------+--------+--------+-----+--------+

Top non-repeatable levels by time:
     D:2: 1041 daAuts
     D:1: 641 daAuts
     D:3: 446 daAuts
